 Dungeon Crawl Stone Soup version 0.19.5 (webtiles) character file.

16987 sankara the Cleaver (level 12, -2/112 HPs)
             Began as a Deep Dwarf Fighter on Mar 26, 2017.
             Was a High Priest of Makhleb.
             Splashed by an oklob plant's acid (16 damage)
             ... on level 2 of the Lair of Beasts.
             The game lasted 00:46:50 (11291 turns).

sankara the Cleaver (Deep Dwarf Fighter)           Turns: 11291, Time: 00:46:52

Health: -2/112     AC:  8    Str: 18 (20) XL:     12   Next: 14%
Magic:  10/10      EV:  7    Int: 10      God:    Makhleb [*****.]
Gold:   944        SH: 12    Dex: 16      Spells: 1 memorised, 9 levels left

rFire  . . .     SeeInvis .     a - +3 war axe (freeze)
rCold  . . .     Gourm    .     q - +0 plate armour
rNeg   + . .     Faith    .     c - +0 shield
rPois  +         Spirit   .     (no helmet)
rElec  .         Reflect  .     k - +1 cloak
rCorr  .         Harm     .     g - +0 pair of gloves
MR     +....     Clarity  +     u - +0 pair of boots (curse)
Stlth  ..........               (no amulet)
                                A - ring of poison resistance
                                x - ring of positive energy

@: corroded, non-regenerating
A: damage resistance, recharge devices, clarity, sense surroundings 2, slow
regeneration 3
a: Device Recharging, Minor Destruction, Lesser Servant of Makhleb, Major
Destruction, Greater Servant of Makhleb, Renounce Religion


You were on level 2 of the Lair of Beasts.
You worshipped Makhleb.
Makhleb was extremely pleased with you.
You were hungry.

You visited 3 branches of the dungeon, and saw 14 of its levels.
You also visited: Ossuary and Bailey.

You collected 977 gold pieces.
You spent 33 gold pieces at shops.

Inventory:

Hand Weapons
 a - a +3 war axe of freezing (weapon)
 z - a +0 broad axe
 Y - a +3 battleaxe
Missiles
 R - 18 tomahawks of returning (quivered)
Armour
 c - a +0 shield (worn)
 g - a +0 pair of gloves (worn)
 k - a +1 cloak (worn)
 q - a +0 plate armour (worn)
 u - a cursed +0 pair of boots (worn)
Magical Staves
 w - an uncursed staff of death
Rods
 b - a +4 rod of shadows (9/9)
   (You found it in a bailey)
Jewellery
 x - a ring of positive energy (left hand)
 y - a +4 ring of intelligence
 A - a ring of poison resistance (right hand)
 C - an uncursed ring of stealth
Wands
 d - a wand of digging (9/24)
 e - a wand of heal wounds (2/9)
 v - a wand of polymorph (7/24)
 L - a wand of heal wounds (0/9)
 N - a wand of disintegration (15/24)
 V - a wand of slowing (8/48)
Scrolls
 h - 9 scrolls of remove curse
 i - 17 scrolls of identify
 n - 10 scrolls of teleportation
 t - a scroll of enchant armour
 K - a scroll of fog
 P - a scroll of blinking
 S - a scroll of enchant weapon
Potions
 j - 3 potions of curing
 l - 5 potions of heal wounds
 m - a potion of resistance
 s - 4 potions of lignification
 B - 3 potions of flight
 D - 3 potions of mutation
 E - a potion of ambrosia
 G - a potion of berserk rage {unknown}
 H - a potion of cure mutation
 J - a potion of might
 T - 2 potions of agility
 U - 2 potions of invisibility
Comestibles
 f - 9 bread rations
 o - 3 meat rations
 p - 3 beef jerkies
 r - 2 slices of pizza
 I - 7 fruits


   Skills:
 + Level 8.7 Fighting
 + Level 12.8 Axes
 + Level 10.3 Armour
 + Level 4.5 Dodging
 + Level 10.6 Shields


You had 9 spell levels left.
You knew the following spells:

 Your Spells              Type           Power        Failure   Level  Hunger
a - Blink                 Tloc           N/A          100%        2    ###....


Dungeon Overview and Level Annotations

Branches:
Dungeon (11/15)            Temple (1/1) D:5            Lair (2/6) D:11
  Snake (0/4) Lair:2          Orc (0/2) D:9
  Swamp: Lair:2-4    Shoals: Lair:2-4

Altars:
Ashenzari
Cheibriados
Dithmenos
Elyvilon
Fedhas
Gozag
Hepliaklqana
Makhleb
Nemelex Xobeh
Okawaru
Qazlal
Sif Muna
Trog
Uskayaw
Vehumet
Xom
Yredelemnul
Zin
The Shining One

Shops:
D:5 *

Annotations:
D:5 Prince Ribbit
Lair:2 exclusion: 2 oklob plants


Innate Abilities, Weirdness & Mutations

You are resistant to damage.
You can recharge devices by infusing magical energy.
You passively map the area around you.
You do not regenerate.
You possess an exceptional clarity of mind.


Message History

The splash of acid hits you! The acid corrodes you!
You are splashed with acid!
The acid burns!
* * * LOW HITPOINT WARNING * * *
You are too injured to fight recklessly!
Unknown command.
You are too injured to fight recklessly!
You hit the oklob plant but do no damage.
The oklob plant is heavily damaged.
You hit the bush but do no damage.
You hit the oklob plant but do no damage.
The oklob plant spits acid at you. The splash of acid hits you!
* * * LOW HITPOINT WARNING * * *
The acid corrodes you!
You are splashed with acid!
The acid burns!
* * * LOW HITPOINT WARNING * * *
The oklob plant spits acid at you. The splash of acid hits you!
* * * LOW HITPOINT WARNING * * *
You are splashed with acid!
The acid burns!
You die...

...............# *
.....!.<..###.### * * ,
.........P.P....####* ,,
* ...................#*
,.,, ,
...................###..
........................
,,
........................
,,
$.......................
,
..............PP@.......
,,,
.............PPPP.......,
,, ,
...........PPP.PPP......
, ,,
............P(PPPP......
,, ,
............P)>$PP......
,
............PP.PP.......,
,
##.##P.......PPP........
, ##
##........P.$......., , ,
,,,, , , ,,


You could see 2 oklob plants.

Vanquished Creatures
  An orc warlord (Bailey)
  2 hydras (Lair:1)
  The ghost of execc the Carver, a journeyman VSFi of Makhleb (D:10)
  Urug (D:11)
  The ghost of Timinator the Carver, a novice DsCK of Xom (Bailey)
  An unseen horror (D:10)
  A hill giant (D:11)
  2 ugly things
  An elephant (D:11)
  A spiny frog (Lair:2)
  A komodo dragon (Lair:2)
  A troll (D:10)
  A two-headed ogre (D:8)
  4 blink frogs (Lair:1)
  2 hippogriffs
  A wraith (D:11)
  5 yaks (D:11)
  4 wyverns
  2 steam dragons
  Menkaure (D:5)
  A hungry ghost (D:10)
  3 nagas (Lair:2)
  2 water moccasins (D:11)
  A porcupine (Lair:1)
  5 orc warriors
  4 sky beasts
  4 ice beasts
  2 black bears
  2 eyes of draining
  3 ogres
  4 crocodiles
  5 big kobolds (D:3)
  Blork the orc (D:5)
  5 bullfrogs
  2 scorpions
  21 wights
  4 howler monkeys
  5 crimson imps
  A bullfrog zombie (D:8)
  4 centaur zombies
  A quasit (D:9)
  6 hounds
  2 human zombies (Ossuary)
  Crazy Yiuf (D:2)
  9 orc priests
  3 jellies
  7 orc wizards
  2 bullfrog skeletons
  An iguana (D:11)
  3 worker ants
  A big kobold zombie (Ossuary)
  3 mummies (Ossuary)
  A worker ant zombie (D:8)
  14 gnolls
  11 adders
  A shadow imp (D:8)
  2 oozes (D:3)
  An adder zombie (D:7)
  2 adder skeletons
  A dart slug (D:1)
  3 worms
  5 leopard geckos
  47 orcs
  2 ball pythons
  6 giant cockroaches
  A gnoll zombie (Ossuary)
  29 goblins
  27 hobgoblins
  11 jackals
  21 kobolds
  2 quokkas (D:3)
  12 bats
  6 frilled lizards
  2 hobgoblin zombies (Ossuary)
  A jackal skeleton (D:4)
  A jackal zombie (D:5)
  2 leopard gecko skeletons
  An orc zombie (Ossuary)
  9 rats
373 creatures vanquished.

Vanquished Creatures (others)
  An orc (D:6)
  2 fungi (D:5)
3 creatures vanquished.

Grand Total: 376 creatures vanquished

Notes
Turn   | Place    | Note
-------+----------+-------------------------------------------
     0 | D:1      | sankara the Deep Dwarf Fighter began the quest for the Orb.
     0 | D:1      | Reached XP level 1. HP: 20/20 MP: 1/1
    32 | D:1      | Reached XP level 2. HP: 24/27 MP: 2/2
   446 | D:1      | Reached skill level 3 in Axes
   614 | D:1      | Reached XP level 3. HP: 25/34 MP: 3/3
   970 | D:2      | Reached XP level 4. HP: 19/42 MP: 4/4
  1277 | D:2      | Found a runed door.
  1501 | D:2      | Noticed Crazy Yiuf
  1513 | D:2      | Killed Crazy Yiuf
  1513 | D:2      | Reached skill level 4 in Axes
  1697 | D:3      | Found a white marble altar of Elyvilon.
  1852 | D:3      | Reached XP level 5. HP: 30/49 MP: 5/5
  2520 | D:4      | Got an iridescent hand axe
  2522 | D:4      | Identified the cursed +1 hand axe of Dishonesty {chop, Stlth+} (You found it on level 4 of the Dungeon)
  2998 | D:4      | Reached XP level 6. HP: 21/56 MP: 6/6
  3122 | D:5      | Entered Level 5 of the Dungeon
  3138 | D:5      | Reached skill level 5 in Axes
  3202 | D:5      | Found Nufeulax's General Store.
  3215 | D:5      | Bought a scroll of teleportation for 33 gold pieces
  3240 | D:5      | Noticed Prince Ribbit
  3350 | D:5      | Noticed Menkaure
  3361 | D:5      | Killed Menkaure
  3361 | D:5      | Reached skill level 5 in Shields
  3361 | D:5      | Reached XP level 7. HP: 16/64 MP: 7/7
  3368 | D:5      | Noticed a steam dragon
  3379 | D:5      | Noticed a steam dragon
  3548 | D:5      | Reached skill level 5 in Armour
  3736 | D:5      | Noticed Blork the orc
  3752 | D:5      | Killed Blork the orc
  3752 | D:5      | Reached skill level 6 in Axes
  3758 | D:5      | Found a staircase to the Ecumenical Temple.
  3816 | Temple   | Entered the Ecumenical Temple
  3905 | Temple   | Became a worshipper of Makhleb the Destroyer
  4109 | D:3      | Reached XP level 8. HP: 28/73 MP: 8/8
  4239 | D:3      | Reached * piety under Makhleb
  4239 | D:3      | Reached skill level 7 in Axes
  4973 | D:6      | Reached skill level 5 in Fighting
  5092 | D:6      | Found a sand-covered staircase.
  5097 | Ossuary  | Entered an ossuary
  5414 | D:6      | Reached skill level 8 in Axes
  5454 | D:6      | Found an iron altar of Okawaru.
  5459 | D:6      | Reached ** piety under Makhleb
  5700 | D:6      | Gained mutation: You passively map the area around you. [Deep Dwarf growth]
  5700 | D:6      | Reached XP level 9. HP: 62/81 MP: 7/7
  6042 | D:7      | Reached skill level 9 in Axes
  6963 | D:8      | Found a flagged portal.
  6971 | D:8      | Reached *** piety under Makhleb
  6989 | Bailey   | Entered a bailey
  6994 | Bailey   | Noticed Timinator's ghost (novice DsCK)
  6996 | Bailey   | Noticed an orc warlord
  7017 | Bailey   | Killed Timinator's ghost
  7017 | Bailey   | Reached skill level 10 in Axes
  7063 | Bailey   | Found a runed gate.
  7063 | Bailey   | Found a runed gate.
  7063 | Bailey   | Found a runed gate.
  7079 | Bailey   | Reached XP level 10. HP: 61/92 MP: 8/8
  7428 | Bailey   | Killed an orc warlord
  7451 | Bailey   | Identified a +4 rod of shadows (9/9) (You found it in a bailey)
  7514 | D:8      | Found a glowing golden altar of the Shining One.
  7514 | D:8      | Found a blossoming altar of Fedhas.
  7532 | D:8      | Found a shadowy altar of Dithmenos.
  7532 | D:8      | Found a bloodstained altar of Trog.
  7833 | D:9      | Reached **** piety under Makhleb
  7894 | D:9      | Found a staircase to the Orcish Mines.
  7901 | D:9      | Learned a level 2 spell: Blink
  7954 | D:9      | Reached skill level 11 in Axes
  8690 | D:10     | Entered Level 10 of the Dungeon
  8695 | D:10     | Identified a scroll of acquirement
  8771 | D:10     | Reached XP level 11. HP: 100/100 MP: 9/9
  8908 | D:10     | Noticed execc's ghost (journeyman VSFi)
  8924 | D:10     | Killed execc's ghost
  9007 | D:10     | Killed an unseen horror
  9007 | D:10     | Reached skill level 12 in Axes
  9183 | D:10     | Noticed a cyan ugly thing
  9195 | D:10     | Killed a cyan ugly thing
  9195 | D:10     | Reached skill level 1 in Dodging
  9562 | D:11     | Noticed a red ugly thing
  9580 | D:11     | Killed a red ugly thing
  9622 | D:11     | Noticed a hill giant
  9628 | D:11     | Gained mutation: Your spells are a little easier to cast, but a little less powerful. [potion of mutation]
  9628 | D:11     | Gained mutation: Your flesh is cold resistant. (rC+) [potion of mutation]
  9628 | D:11     | Gained mutation: You are weak. (Str -2) [potion of mutation]
  9648 | D:11     | Killed a hill giant
  9762 | D:11     | Reached ***** piety under Makhleb
  9950 | D:11     | Found a staircase to the Lair.
  9980 | D:11     | Reached skill level 10 in Shields
 10033 | D:11     | Noticed Urug
 10037 | D:11     | Lost mutation: Your flesh is cold resistant. (rC+) [potion of cure mutation]
 10037 | D:11     | Lost mutation: You are weak. (Str -2) [potion of cure mutation]
 10037 | D:11     | Lost mutation: Your spells are a little easier to cast, but a little less powerful. [potion of cure mutation]
 10038 | D:11     | Gained mutation: You possess an exceptional clarity of mind. [potion of beneficial mutation]
 10057 | D:11     | Killed Urug
 10252 | Lair:1   | Entered Level 1 of the Lair of Beasts
 10263 | Lair:1   | Noticed a seven-headed hydra
 10288 | Lair:1   | Killed a 12-headed hydra
 10288 | Lair:1   | Reached skill level 10 in Armour
 10666 | Lair:1   | Noticed a five-headed hydra
 10877 | Lair:1   | Reached XP level 12. HP: 86/112 MP: 10/10
 11026 | Lair:1   | Killed a 16-headed hydra
 11169 | Lair:2   | Found a staircase to the Snake Pit.
 11291 | Lair:2   | Splashed by an oklob plant's acid

Skill      XL: |  1  2  3  4  5  6  7  8  9 10 11 |
---------------+----------------------------------+-----
Axes           | 3 4 5 6 8 10 11 12 | 12.8
Fighting       | 3 4 5 6 7 8 |  8.7
Shields        | 4 5 6 7 9 10 | 10.6
Armour         | 4 5 6 7 8 10 | 10.3
Dodging        | 4 |  4.5

Action                   |  1- 3 |  4- 6 |  7- 9 | 10-12 || total
-------------------------+-------+-------+-------+-------++-------
Melee: War axe           |   103 |   261 |   597 |   630 ||  1591
Throw: Tomahawk          |       |       |       |    25 ||    25
       Throwing net      |       |       |       |     1 ||     1
 Abil: Device Recharging |       |       |     2 |       ||     2
Evoke: Wand              |       |     3 |    13 |    12 ||    28
       Rod               |       |       |       |     5 ||     5
  Use: Scroll            |       |     2 |     8 |     7 ||    17
       Potion            |       |     1 |     6 |    11 ||    18
 Stab: Invisible         |       |       |       |     3 ||     3
  Eat: Chunk             |       |     9 |    13 |    18 ||    40
Armor: Scale mail        |     9 |       |       |       ||     9
       Chain mail        |    51 |       |       |       ||    51
       Plate armour      |       |   186 |   365 |   407 ||   958
       Skin              |       |       |     3 |       ||     3
Dodge: Dodged            |    14 |    32 |   115 |   113 ||   274
Block: Shield            |    50 |   154 |   327 |   337 ||   868
